Sarnia Sailors vs Toronto St Pats
Created - Wednesday, April 5, 2023 at 07:32
Goals
|
| Sarnia Sailors |
2 |
0 |
2 |
0 |
5 |
5 |
| Toronto St Pats |
1 |
3 |
0 |
0 |
4 |
4 |
|
Shots
|
| Sarnia Sailors |
10 |
9 |
14 |
1 |
7 |
34 |
| Toronto St Pats |
11 |
13 |
8 |
2 |
7 |
34 |
|
1st period
1. Toronto St Pats , Austin Watson 14 (Lassi Thomson 11) at 1:59 (PP)
2. Sarnia Sailors , Keegan Kolesar 17 (Alex Vlasic 11) at 9:22
3. Sarnia Sailors , Keegan Kolesar 18 (Vasily Podkolzin 24) at 14:09
Penalties :
David Warsofsky (SAR) for Tripping (Minor) at 1:24
2nd period
4. Toronto St Pats , Liam Foudy 10 (Glenn Gawdin 4, Austin Watson 12) at 2:10 (PP)
5. Toronto St Pats , Quinton Byfield 5 (Jesse Puljujarvi 15) at 2:23
6. Toronto St Pats , Rudolfs Balcers 8 (Jesse Puljujarvi 16, Quinton Byfield 7) at 13:06 (PP)
Penalties :
Chris Wideman (SAR) for Tripping (Minor) at 1:38, Antonio Stranges (TSP) for Hooking (Minor) at 3:30, Dominic Turgeon (SAR) for Holding (Minor) at 12:42
3rd period
7. Sarnia Sailors , Vasily Podkolzin 9 (Alex Vlasic 12, Keegan Kolesar 27) at 12:07 (PP)
8. Sarnia Sailors , Aleksi Heponiemi 4 (Dominic Turgeon 2, Rob Hamilton 4) at 13:22
Penalties :
Keegan Kolesar (SAR) for Hooking (Minor) at 0:44, Nikita Okhotyuk (TSP) for Boarding (Minor) at 11:45
Overtime #1
No Goal
Penalties :
No Penalty
Shootout
Sarnia Sailors, Aleksi Heponiemi - Shot Misses the Net
Toronto St Pats, Quinton Byfield - Goal!
Sarnia Sailors, Keegan Kolesar - Shot Misses the Net
Toronto St Pats, Glenn Gawdin - Stopped by Matt Tomkins
Sarnia Sailors, Dominic Toninato - Goal!
Toronto St Pats, Liam Foudy - Shot Misses the Net
Sarnia Sailors, Vasily Podkolzin - Goal!
Toronto St Pats, Austin Watson - Goal!
Sarnia Sailors, Michael Dal Colle - Goal!
Toronto St Pats, Pierre-Olivier Joseph - Goal!
Sarnia Sailors, Yannick Weber - Goal!
Toronto St Pats, Luke Henman - Goal!
Sarnia Sailors, Dylan McLaughlin - Goal!
Toronto St Pats, Ivan Lodnia - Shot Misses the Net
Penalties :
No Penalty
Goalie Stats
Matt Tomkins (SAR), 30 saves from 34 shots - (0.882), W, 5-2-0, 65:00 minutes
Jakub Skarek (TSP), 30 saves from 34 shots - (0.882), OTL, 1-1-2, 65:00 minutes
Players Stats for Sarnia Sailors
Player Name G A P +/- PIM S H SB GA TA FO MP PP MP PK MP
------------------------------------------------------------------------------------
Aleksi Heponiemi 1 0 1 1 0 4 1 0 1 0 0/0 14:03 0:16 0:22
Alex Vlasic 0 2 2 0 0 3 4 1 2 1 0/0 28:08 1:20 2:27
Chris Wideman 0 0 0 0 2 0 1 0 0 0 0/0 10:40 1:01 0:00
Connor Carrick 0 0 0 1 0 2 1 2 1 1 0/0 18:05 0:00 2:27
David Warsofsky 0 0 0 0 2 0 0 1 0 1 0/0 14:28 0:00 0:00
Dominic Toninato 0 0 0 2 0 3 2 0 2 0 3/7 21:33 0:48 2:14
Dominic Turgeon 0 1 1 1 2 2 2 0 0 1 1/5 14:47 0:16 0:45
Dylan McLaughlin 0 0 0 -1 0 1 3 0 0 2 4/7 15:25 0:48 0:31
Jack Rathbone 0 0 0 0 0 1 1 2 0 2 0/0 24:03 1:01 1:03
Josh Dickinson 0 0 0 0 0 0 0 1 3 0 1/2 13:26 0:48 0:41
Keegan Kolesar 2 1 3 2 2 3 4 1 3 1 13/28 22:36 1:17 1:22
Michael Dal Colle 0 0 0 -1 0 1 2 2 0 0 2/2 16:04 0:16 0:09
Mitchell Vande Sompel 0 0 0 0 0 2 0 0 0 0 0/0 14:50 0:00 0:00
Nick Ritchie 0 0 0 -1 0 4 1 0 1 0 0/1 18:11 1:17 0:56
Rob Hamilton 0 1 1 2 0 2 2 2 0 1 0/0 18:29 0:00 1:03
Seth Barton 0 0 0 2 0 1 0 0 0 0 0/0 17:26 0:00 0:00
Vasily Podkolzin 1 1 2 2 0 2 3 0 1 0 0/0 21:28 1:17 0:00
Yannick Weber 0 0 0 0 0 3 1 0 0 0 1/1 12:44 1:20 0:00
Players Stats for Toronto St Pats
Player Name G A P +/- PIM S H SB GA TA FO MP PP MP PK MP
------------------------------------------------------------------------------------
Antonio Stranges 0 0 0 0 2 0 0 0 0 0 0/1 9:23 0:00 0:00
Austin Watson 1 1 2 -1 0 3 2 1 0 1 1/3 20:29 1:28 1:19
Brad Malone 0 0 0 -1 0 3 0 0 0 0 0/0 16:19 0:00 0:35
Connor Dewar 0 0 0 0 0 1 1 0 0 0 1/1 11:59 0:00 0:00
Dylan Samberg 0 0 0 -3 0 0 0 2 0 2 0/0 25:59 2:05 1:31
Glenn Gawdin 0 1 1 -1 0 2 2 1 1 0 5/10 17:50 1:28 0:37
Ivan Lodnia 0 0 0 0 0 2 3 0 0 1 0/0 10:51 0:00 0:00
Jake Leschyshyn 0 0 0 0 0 1 1 2 0 0 3/6 15:30 0:00 1:21
Jesse Puljujarvi 0 2 2 -1 0 5 1 1 1 2 0/3 19:51 2:02 0:00
Lassi Thomson 0 1 1 -3 0 4 1 0 0 2 0/0 25:59 2:05 1:31
Liam Foudy 1 0 1 0 0 4 4 0 1 0 0/0 16:01 1:28 0:13
Lucas Carlsson 0 0 0 0 0 0 0 2 0 2 0/0 17:13 1:25 0:50
Luke Henman 0 0 0 0 0 2 3 0 1 0 1/2 10:51 0:00 0:00
Nikita Okhotyuk 0 0 0 0 2 0 2 3 0 0 0/0 14:57 0:00 0:00
Pierre-Olivier Joseph 0 0 0 1 0 1 4 1 0 3 0/0 22:38 0:00 0:50
Quinton Byfield 1 1 2 -1 0 1 2 1 1 0 17/27 19:28 2:02 0:00
Rudolfs Balcers 1 0 1 -1 0 4 3 0 2 0 0/0 19:06 2:02 0:37
Scott Perunovich 0 0 0 1 0 1 1 0 3 1 0/0 23:13 1:25 0:00
3 Stars
1 - Keegan Kolesar (SAR)
2 - Vasily Podkolzin (SAR)
3 - Alex Vlasic (SAR)
Power Play
Sarnia Sailors - 1 on 2 Attempt(s) - 50.00%
Toronto St Pats - 3 on 4 Attempt(s) - 75.00%
Penalty Kill
Sarnia Sailors - 1 on 4 Attempt(s) - 25.00%
- Score 0 goal in Penalty Kill
Toronto St Pats - 1 on 2 Attempt(s) - 50.00%
- Score 0 goal in Penalty Kill
Team Stat
Sarnia Sailors - Hits : 28 - Faceoff Wins : 25 - Blocked Shots : 12 - Penalty Minutes : 8
Toronto St Pats - Hits : 30 - Faceoff Wins : 28 - Blocked Shots : 14 - Penalty Minutes : 4
Official
Referees : Kevin Pollock and Trevor Hanson
Linesman : Scott Driscoll and Devin Berg
Game Notes
12:07 of 3rd period - Sarnia Sailors goal is going for a video replay. After video review, Goal.
Sarnia Sailors
5 vs 5 Forward
Center Left Wing Right Wing Time % Phy DF OF
1 Keegan Kolesar Dominic Toninato Vasily Podkolzin 40 1 2 2
2 Dylan McLaughlin Nick Ritchie Michael Dal Colle 30 1 2 2
3 Dominic Turgeon Aleksi Heponiemi Connor Carrick 20 1 2 2
4 Josh Dickinson Chris Wideman Yannick Weber 10 1 2 2
5 vs 5 Defense
Defense Defense Time % Phy DF OF
1 Alex Vlasic Jack Rathbone 40 1 2 2
2 Rob Hamilton Seth Barton 30 1 2 2
3 Mitchell Vande Sompel David Warsofsky 20 1 2 2
4 Connor Carrick Alex Vlasic 10 1 2 2
PowerPlay Forward
Center Left Wing Right Wing Time % Phy DF OF
1 Keegan Kolesar Nick Ritchie Vasily Podkolzin 60 1 2 2
2 Dominic Toninato Josh Dickinson Dylan McLaughlin 40 1 2 2
PowerPlay Defense
Defense Defense Time % Phy DF OF
1 Alex Vlasic Yannick Weber 60 1 2 2
2 Jack Rathbone Chris Wideman 40 1 2 2
Penalty Kill 4 Players Forward
Center Wing Time % Phy DF OF
1 Dominic Toninato Keegan Kolesar 60 1 2 2
2 Dylan McLaughlin Michael Dal Colle 40 1 2 2
Penalty Kill 4 Players Defense
Defense Defense Time % Phy DF OF
1 Alex Vlasic Connor Carrick 60 1 2 2
2 Jack Rathbone Rob Hamilton 40 1 2 2
Penalty Kill - 3 Players Forward
Forward Time % Phy DF OF
1 Dominic Toninato 60 1 2 2
2 Dylan McLaughlin 40 1 2 2
Penalty Kill - 3 Players Defense
Defense Defense Time % Phy DF OF
1 Alex Vlasic Connor Carrick 60 1 2 2
2 Jack Rathbone Rob Hamilton 40 1 2 2
4 vs 4 Forward
Center Wing Time % Phy DF OF
1 Keegan Kolesar Vasily Podkolzin 60 1 2 2
2 Dominic Turgeon Michael Dal Colle 40 1 2 2
4 vs 4 Defense
Defense Defense Time % Phy DF OF
1 Alex Vlasic Jack Rathbone 60 1 2 2
2 Connor Carrick Yannick Weber 40 1 2 2
Last Minutes Offensive
Center Left Wing Right Wing Defense Defense
Keegan Kolesar Dominic Toninato Vasily Podkolzin Alex Vlasic Jack Rathbone
Last Minutes Defensive
Center Left Wing Right Wing Defense Defense
Dylan McLaughlin Keegan Kolesar Dominic Toninato Alex Vlasic Connor Carrick
Goaltenders
Starting : Matt Tomkins
Backup : Laurent Brossoit
Extra Forwards
Normal : Josh Dickinson, Nick Ritchie, Aleksi Heponiemi - PP : Josh Dickinson, Nick Ritchie - PK : Josh Dickinson
Extra Defensemen
Normal : Rob Hamilton, Seth Barton, Jack Rathbone - PP : David Warsofsky - PK : Rob Hamilton, Seth Barton
Penalty Shots
Aleksi Heponiemi, Keegan Kolesar, Dominic Toninato, Vasily Podkolzin, Michael Dal Colle
Toronto St Pats
5 vs 5 Forward
Center Left Wing Right Wing Time % Phy DF OF
1 Quinton Byfield Austin Watson Jesse Puljujarvi 40 1 2 2
2 Glenn Gawdin Brad Malone Rudolfs Balcers 30 1 2 2
3 Jake Leschyshyn Connor Dewar Liam Foudy 20 1 2 2
4 Luke Henman Antonio Stranges Ivan Lodnia 10 1 2 2
5 vs 5 Defense
Defense Defense Time % Phy DF OF
1 Dylan Samberg Lassi Thomson 40 1 2 2
2 Pierre-Olivier Joseph Scott Perunovich 30 1 2 2
3 Lucas Carlsson Nikita Okhotyuk 20 1 2 2
4 Pierre-Olivier Joseph Scott Perunovich 10 1 2 2
PowerPlay Forward
Center Left Wing Right Wing Time % Phy DF OF
1 Quinton Byfield Rudolfs Balcers Jesse Puljujarvi 60 1 2 2
2 Glenn Gawdin Austin Watson Liam Foudy 40 1 2 2
PowerPlay Defense
Defense Defense Time % Phy DF OF
1 Dylan Samberg Lassi Thomson 60 1 2 2
2 Scott Perunovich Lucas Carlsson 40 1 2 2
Penalty Kill 4 Players Forward
Center Wing Time % Phy DF OF
1 Jake Leschyshyn Austin Watson 60 1 2 2
2 Glenn Gawdin Rudolfs Balcers 40 1 2 2
Penalty Kill 4 Players Defense
Defense Defense Time % Phy DF OF
1 Dylan Samberg Lassi Thomson 60 1 2 2
2 Lucas Carlsson Pierre-Olivier Joseph 40 1 2 2
Penalty Kill - 3 Players Forward
Forward Time % Phy DF OF
1 Jake Leschyshyn 60 1 2 2
2 Glenn Gawdin 40 1 2 2
Penalty Kill - 3 Players Defense
Defense Defense Time % Phy DF OF
1 Dylan Samberg Lassi Thomson 60 1 2 2
2 Lucas Carlsson Pierre-Olivier Joseph 40 1 2 2
4 vs 4 Forward
Center Wing Time % Phy DF OF
1 Jake Leschyshyn Liam Foudy 60 1 2 2
2 Glenn Gawdin Rudolfs Balcers 40 1 2 2
4 vs 4 Defense
Defense Defense Time % Phy DF OF
1 Pierre-Olivier Joseph Scott Perunovich 60 1 2 2
2 Lucas Carlsson Nikita Okhotyuk 40 1 2 2
Last Minutes Offensive
Center Left Wing Right Wing Defense Defense
Quinton Byfield Rudolfs Balcers Jesse Puljujarvi Dylan Samberg Lassi Thomson
Last Minutes Defensive
Center Left Wing Right Wing Defense Defense
Glenn Gawdin Austin Watson Rudolfs Balcers Dylan Samberg Lassi Thomson
Goaltenders
Starting : Jakub Skarek
Backup : Jonathan Bernier
Extra Forwards
Normal : Liam Foudy, Ivan Lodnia, Luke Henman - PP : Brad Malone, Connor Dewar - PK : Brad Malone
Extra Defensemen
Normal : Lucas Carlsson, Nikita Okhotyuk, Scott Perunovich - PP : Pierre-Olivier Joseph - PK : Scott Perunovich, Nikita Okhotyuk
Penalty Shots
Quinton Byfield, Glenn Gawdin, Liam Foudy, Austin Watson, Pierre-Olivier Joseph
% Time on Ice - Sarnia Sailors
Lines # - Real PCT - Wanted PCT - Time Play
Normal Forward
1 - 34% - 40% - 18:31
2 - 26% - 30% - 14:05
3 - 22% - 20% - 12:10
4 - 17% - 10% - 9:23
Normal Defense
1 - 35% - 40% - 19:03
2 - 31% - 30% - 17:01
3 - 27% - 20% - 14:29
4 - 7% - 10% - 3:36
PP Forward
1 - 66% - 60% - 1:33
2 - 34% - 40% - 0:48
PP Defense
1 - 57% - 60% - 1:20
2 - 43% - 40% - 1:01
PK Forward
1 - 96% - 60% - 3:21
2 - 4% - 40% - 0:09
PK Defense
1 - 70% - 60% - 2:27
2 - 30% - 40% - 1:03
PK3 Forward
1 - 0% - 60%
2 - 0% - 40%
PK3 Defense
1 - 0% - 60%
2 - 0% - 40%
44 Forward
1 - 75% - 60% - 3:44
2 - 25% - 40% - 1:16
44 Defense
1 - 57% - 60% - 2:52
2 - 43% - 40% - 2:08
Last Minute Offensive - 0:00
Last Minute Defensive - 0:00
Total
Forward - 65:00
Defense - 65:00
|
% Time on Ice - Toronto St Pats
Lines # - Real PCT - Wanted PCT - Time Play
Normal Forward
1 - 33% - 40% - 18:04
2 - 27% - 30% - 14:48
3 - 22% - 20% - 11:59
4 - 17% - 10% - 9:18
Normal Defense
1 - 40% - 40% - 21:52
2 - 29% - 30% - 15:48
3 - 24% - 20% - 12:53
4 - 7% - 10% - 3:36
PP Forward
1 - 58% - 60% - 2:02
2 - 42% - 40% - 1:28
PP Defense
1 - 60% - 60% - 2:05
2 - 40% - 40% - 1:25
PK Forward
1 - 74% - 60% - 1:44
2 - 26% - 40% - 0:37
PK Defense
1 - 65% - 60% - 1:31
2 - 35% - 40% - 0:50
PK3 Forward
1 - 0% - 60%
2 - 0% - 40%
PK3 Defense
1 - 0% - 60%
2 - 0% - 40%
44 Forward
1 - 81% - 60% - 4:03
2 - 19% - 40% - 0:57
44 Defense
1 - 48% - 60% - 2:24
2 - 52% - 40% - 2:36
Last Minute Offensive - 0:00
Last Minute Defensive - 0:00
Total
Forward - 65:00
Defense - 65:00
|
Play-by-Play
1st period
0:01 of 1st period - Keegan Kolesar wins face-off versus Austin Watson in neutral zone.
0:27 of 1st period - Alex Vlasic is hit by Rudolfs Balcers.
0:51 of 1st period - Dominic Turgeon is hit by Pierre-Olivier Joseph and loses puck.
1:08 of 1st period - Nikita Okhotyuk is hit by Rob Hamilton and loses puck.
1:12 of 1st period - Icing by Lucas Carlsson.
1:13 of 1st period - Luke Henman wins face-off versus Josh Dickinson in Toronto St Pats zone.
1:22 of 1st period - Snap shot by Luke Henman.
1:22 of 1st period - Stopped by Matt Tomkins with a rebound.
1:24 of 1st period - Minor Penalty to David Warsofsky for Tripping.
1:25 of 1st period - Quinton Byfield wins face-off versus Dominic Toninato in Sarnia Sailors zone.
1:59 of 1st period - Snap shot by Austin Watson.
1:59 of 1st period - Goal by Austin Watson - Sarnia Sailors : 0 - Toronto St Pats : 1.
2:00 of 1st period - Keegan Kolesar wins face-off versus Quinton Byfield in neutral zone.
2:03 of 1st period - Quinton Byfield is hit by Keegan Kolesar and loses puck.
2:50 of 1st period - Snap shot by Liam Foudy.
2:50 of 1st period - Shot Misses the Net.
4:24 of 1st period - Snap shot by Aleksi Heponiemi.
4:24 of 1st period - Shot Blocked by Lucas Carlsson.
6:51 of 1st period - Dominic Toninato is hit by Jake Leschyshyn and loses puck.
7:47 of 1st period - Nikita Okhotyuk is hit by Yannick Weber and loses puck.
8:19 of 1st period - Dylan McLaughlin is hit by Ivan Lodnia and loses puck.
8:28 of 1st period - Nikita Okhotyuk is hit by Nick Ritchie and loses puck.
8:43 of 1st period - Snap shot by Brad Malone.
8:43 of 1st period - Stopped by Matt Tomkins with a rebound.
8:45 of 1st period - Wrist shot by Glenn Gawdin.
8:45 of 1st period - Stopped by Matt Tomkins with a rebound.
8:47 of 1st period - Snap shot by Brad Malone.
8:47 of 1st period - Stopped by Matt Tomkins without a rebound.
8:48 of 1st period - Quinton Byfield wins face-off versus Dominic Turgeon in Sarnia Sailors zone.
8:57 of 1st period - Snap shot by Austin Watson.
8:57 of 1st period - Shot Blocked by Jack Rathbone.
8:59 of 1st period - Snap shot by Dylan Samberg.
8:59 of 1st period - Shot Blocked by Alex Vlasic.
9:15 of 1st period - Rudolfs Balcers is hit by Keegan Kolesar and loses puck.
9:22 of 1st period - Snap shot by Keegan Kolesar.
9:22 of 1st period - Goal by Keegan Kolesar - Sarnia Sailors : 1 - Toronto St Pats : 1.
9:23 of 1st period - Quinton Byfield wins face-off versus Keegan Kolesar in neutral zone.
9:37 of 1st period - Wrist shot by Vasily Podkolzin.
9:37 of 1st period - Shot Misses the Net.
9:39 of 1st period - Snap shot by Alex Vlasic.
9:39 of 1st period - Stopped by Jakub Skarek without a rebound.
9:40 of 1st period - Dylan McLaughlin wins face-off versus Glenn Gawdin in Toronto St Pats zone.
9:43 of 1st period - Wrist shot by Nick Ritchie.
9:43 of 1st period - Deflect By Dylan McLaughlin.
9:43 of 1st period - Stopped by Jakub Skarek with a rebound.
11:10 of 1st period - Slapshot by Vasily Podkolzin.
11:10 of 1st period - Shot Blocked by Glenn Gawdin.
11:12 of 1st period - Slapshot by Dominic Toninato.
11:12 of 1st period - Stopped by Jakub Skarek with a rebound.
11:14 of 1st period - Slapshot by Keegan Kolesar.
11:14 of 1st period - Shot Misses the Net.
11:51 of 1st period - Wrist shot by Jesse Puljujarvi.
11:51 of 1st period - Stopped by Matt Tomkins with a rebound.
11:53 of 1st period - Wrist shot by Jesse Puljujarvi.
11:53 of 1st period - Shot Misses the Net.
11:55 of 1st period - Wrist shot by Austin Watson.
11:55 of 1st period - Stopped by Matt Tomkins with a rebound.
11:57 of 1st period - Slapshot by Scott Perunovich.
11:57 of 1st period - Shot Blocked by David Warsofsky.
12:23 of 1st period - Liam Foudy is hit by Vasily Podkolzin and loses puck.
13:12 of 1st period - Yannick Weber is hit by Connor Dewar and loses puck.
13:57 of 1st period - Wrist shot by Yannick Weber.
13:57 of 1st period - Stopped by Jakub Skarek with a rebound.
13:59 of 1st period - Slapshot by Mitchell Vande Sompel.
13:59 of 1st period - Stopped by Jakub Skarek with a rebound.
14:01 of 1st period - Wrist shot by Mitchell Vande Sompel.
14:01 of 1st period - Stopped by Jakub Skarek without a rebound.
14:02 of 1st period - Austin Watson wins face-off versus Keegan Kolesar in Toronto St Pats zone.
14:09 of 1st period - Wrist shot by Keegan Kolesar.
14:09 of 1st period - Goal by Keegan Kolesar - Sarnia Sailors : 2 - Toronto St Pats : 1.
14:10 of 1st period - Keegan Kolesar wins face-off versus Quinton Byfield in neutral zone.
14:15 of 1st period - Snap shot by Dominic Toninato.
14:15 of 1st period - Stopped by Jakub Skarek with a rebound.
14:35 of 1st period - Glenn Gawdin is hit by Jack Rathbone and loses puck.
14:44 of 1st period - Slapshot by Rudolfs Balcers.
14:44 of 1st period - Shot Hit the Post.
15:04 of 1st period - Wrist shot by Connor Carrick.
15:04 of 1st period - Shot Blocked by Pierre-Olivier Joseph.
15:18 of 1st period - Wrist shot by Austin Watson.
15:18 of 1st period - Deflect By Jesse Puljujarvi.
15:18 of 1st period - Stopped by Matt Tomkins with a rebound.
15:20 of 1st period - Wrist shot by Austin Watson.
15:20 of 1st period - Shot Blocked by Michael Dal Colle.
15:32 of 1st period - Rudolfs Balcers is hit by Dominic Toninato and loses puck.
16:28 of 1st period - Nick Ritchie is hit by Luke Henman.
16:45 of 1st period - Glenn Gawdin is hit by Rob Hamilton and loses puck.
17:45 of 1st period - Lucas Carlsson is hit by Michael Dal Colle and loses puck.
18:00 of 1st period - Wrist shot by Jesse Puljujarvi.
18:00 of 1st period - Stopped by Matt Tomkins without a rebound.
18:01 of 1st period - Keegan Kolesar wins face-off versus Quinton Byfield in Sarnia Sailors zone.
18:07 of 1st period - Wrist shot by Austin Watson.
18:07 of 1st period - Stopped by Matt Tomkins with a rebound.
18:09 of 1st period - Slapshot by Lassi Thomson.
18:09 of 1st period - Stopped by Matt Tomkins with a rebound.
18:25 of 1st period - Pierre-Olivier Joseph is hit by Dylan McLaughlin and loses puck.
18:53 of 1st period - Jack Rathbone is hit by Liam Foudy and loses puck.
19:06 of 1st period - Dylan Samberg is hit by Michael Dal Colle and loses puck.
19:33 of 1st period - Icing by Quinton Byfield.
19:34 of 1st period - Yannick Weber wins face-off versus Quinton Byfield in Toronto St Pats zone.
19:35 of 1st period - Slapshot by Chris Wideman.
19:35 of 1st period - Shot Blocked by Dylan Samberg.
19:37 of 1st period - Snap shot by Nick Ritchie.
19:37 of 1st period - Stopped by Jakub Skarek with a rebound.
19:41 of 1st period - Slapshot by Nick Ritchie.
19:41 of 1st period - Shot Misses the Net.
19:43 of 1st period - Wrist shot by Nick Ritchie.
19:43 of 1st period - Shot Misses the Net.
19:45 of 1st period - Slapshot by David Warsofsky.
19:45 of 1st period - Deflect By Nick Ritchie.
19:45 of 1st period - Shot Blocked by Quinton Byfield.
19:45 of 1st period - Puck is out of play.
19:46 of 1st period - Keegan Kolesar wins face-off versus Glenn Gawdin in Toronto St Pats zone.
19:51 of 1st period - Snap shot by Vasily Podkolzin.
19:51 of 1st period - Shot Misses the Net.
Goals for this period are 2 for Sarnia Sailors vs 1 for Toronto St Pats.
Shots for this period are 10 for Sarnia Sailors vs 11 for Toronto St Pats.
2nd period
0:01 of 2nd period - Quinton Byfield wins face-off versus Keegan Kolesar in neutral zone.
0:36 of 2nd period - Icing by Austin Watson.
0:37 of 2nd period - Quinton Byfield wins face-off versus Dylan McLaughlin in Toronto St Pats zone.
1:04 of 2nd period - Snap shot by Rudolfs Balcers.
1:04 of 2nd period - Stopped by Matt Tomkins with a rebound.
1:32 of 2nd period - Wrist shot by Connor Dewar.
1:32 of 2nd period - Shot Misses the Net.
1:38 of 2nd period - Minor Penalty to Chris Wideman for Tripping.
1:39 of 2nd period - Dominic Toninato wins face-off versus Jesse Puljujarvi in Sarnia Sailors zone.
1:52 of 2nd period - Snap shot by Jesse Puljujarvi.
1:52 of 2nd period - Shot Blocked by Connor Carrick.
2:08 of 2nd period - Snap shot by Glenn Gawdin.
2:08 of 2nd period - Shot Blocked by Connor Carrick.
2:10 of 2nd period - Snap shot by Liam Foudy.
2:10 of 2nd period - Goal by Liam Foudy - Sarnia Sailors : 2 - Toronto St Pats : 2.
2:11 of 2nd period - Michael Dal Colle wins face-off versus Jesse Puljujarvi in neutral zone.
2:23 of 2nd period - Slapshot by Quinton Byfield.
2:23 of 2nd period - Goal by Quinton Byfield - Sarnia Sailors : 2 - Toronto St Pats : 3.
2:24 of 2nd period - Quinton Byfield wins face-off versus Keegan Kolesar in neutral zone.
2:50 of 2nd period - Rudolfs Balcers is hit by Dylan McLaughlin and loses puck.
3:30 of 2nd period - Minor Penalty to Antonio Stranges for Hooking.
3:31 of 2nd period - Jake Leschyshyn wins face-off versus Keegan Kolesar in Toronto St Pats zone.
3:36 of 2nd period - Dylan Samberg is hit by Alex Vlasic and loses puck.
4:03 of 2nd period - Lucas Carlsson is hit by Chris Wideman.
4:13 of 2nd period - Nick Ritchie is hit by Rudolfs Balcers and loses puck.
5:30 of 2nd period - Penalty to Antonio Stranges is over, Antonio Stranges is back on ice.
5:46 of 2nd period - Off-side.
5:47 of 2nd period - Dominic Turgeon wins face-off versus Antonio Stranges in neutral zone.
6:11 of 2nd period - David Warsofsky is hit by Pierre-Olivier Joseph and loses puck.
6:18 of 2nd period - Slapshot by Brad Malone.
6:18 of 2nd period - Deflect By Glenn Gawdin.
6:18 of 2nd period - Stopped by Matt Tomkins with a rebound.
6:34 of 2nd period - Snap shot by Liam Foudy.
6:34 of 2nd period - Stopped by Matt Tomkins with a rebound.
6:40 of 2nd period - Nick Ritchie is hit by Liam Foudy and loses puck.
7:39 of 2nd period - Snap shot by Rudolfs Balcers.
7:39 of 2nd period - Shot Misses the Net.
8:22 of 2nd period - Snap shot by Ivan Lodnia.
8:22 of 2nd period - Shot Misses the Net.
8:24 of 2nd period - Slapshot by Lassi Thomson.
8:24 of 2nd period - Shot Blocked by Josh Dickinson.
8:26 of 2nd period - Wrist shot by Ivan Lodnia.
8:26 of 2nd period - Stopped by Matt Tomkins with a rebound.
8:28 of 2nd period - Snap shot by Nikita Okhotyuk.
8:28 of 2nd period - Shot Blocked by Rob Hamilton.
8:40 of 2nd period - Dominic Turgeon is hit by Glenn Gawdin and loses puck.
9:01 of 2nd period - Nikita Okhotyuk is hit by Dominic Toninato and loses puck.
10:38 of 2nd period - Yannick Weber is hit by Liam Foudy and loses puck.
11:04 of 2nd period - Wrist shot by Austin Watson.
11:04 of 2nd period - Shot Blocked by Keegan Kolesar.
11:06 of 2nd period - Slapshot by Pierre-Olivier Joseph.
11:06 of 2nd period - Deflect By Glenn Gawdin.
11:06 of 2nd period - Shot Misses the Net.
11:06 of 2nd period - Puck is out of play.
11:07 of 2nd period - Glenn Gawdin wins face-off versus Keegan Kolesar in Sarnia Sailors zone.
11:10 of 2nd period - Slapshot by Rudolfs Balcers.
11:10 of 2nd period - Deflect By Glenn Gawdin.
11:10 of 2nd period - Shot Misses the Net.
11:10 of 2nd period - Puck is out of play.
11:11 of 2nd period - Glenn Gawdin wins face-off versus Keegan Kolesar in Sarnia Sailors zone.
11:14 of 2nd period - Snap shot by Brad Malone.
11:14 of 2nd period - Shot Misses the Net.
11:16 of 2nd period - Slapshot by Lassi Thomson.
11:16 of 2nd period - Stopped by Matt Tomkins with a rebound.
11:28 of 2nd period - Glenn Gawdin is hit by Vasily Podkolzin and loses puck.
11:37 of 2nd period - Slapshot by Brad Malone.
11:37 of 2nd period - Stopped by Matt Tomkins without a rebound.
11:38 of 2nd period - Quinton Byfield wins face-off versus Dylan McLaughlin in Sarnia Sailors zone.
12:42 of 2nd period - Minor Penalty to Dominic Turgeon for Holding.
12:43 of 2nd period - Dominic Toninato wins face-off versus Quinton Byfield in Sarnia Sailors zone.
12:56 of 2nd period - Wrist shot by Rudolfs Balcers.
12:56 of 2nd period - Stopped by Matt Tomkins without a rebound.
12:57 of 2nd period - Quinton Byfield wins face-off versus Dominic Toninato in Sarnia Sailors zone.
13:06 of 2nd period - Wrist shot by Rudolfs Balcers.
13:06 of 2nd period - Goal by Rudolfs Balcers - Sarnia Sailors : 2 - Toronto St Pats : 4.
13:07 of 2nd period - Quinton Byfield wins face-off versus Keegan Kolesar in neutral zone.
13:22 of 2nd period - Snap shot by Austin Watson.
13:22 of 2nd period - Deflect By Jesse Puljujarvi.
13:22 of 2nd period - Stopped by Matt Tomkins with a rebound.
13:32 of 2nd period - Glenn Gawdin is hit by Alex Vlasic and loses puck.
13:39 of 2nd period - Wrist shot by Michael Dal Colle.
13:39 of 2nd period - Shot Misses the Net.
13:41 of 2nd period - Snap shot by Michael Dal Colle.
13:41 of 2nd period - Stopped by Jakub Skarek without a rebound.
13:42 of 2nd period - Keegan Kolesar wins face-off versus Quinton Byfield in Toronto St Pats zone.
14:08 of 2nd period - Off-side.
14:09 of 2nd period - Glenn Gawdin wins face-off versus Dominic Turgeon in neutral zone.
14:18 of 2nd period - Snap shot by Connor Carrick.
14:18 of 2nd period - Stopped by Jakub Skarek without a rebound.
14:19 of 2nd period - Quinton Byfield wins face-off versus Keegan Kolesar in Toronto St Pats zone.
14:26 of 2nd period - Dominic Toninato is hit by Quinton Byfield and loses puck.
14:41 of 2nd period - Icing by Dylan Samberg.
14:42 of 2nd period - Dylan McLaughlin wins face-off versus Glenn Gawdin in Toronto St Pats zone.
14:45 of 2nd period - Snap shot by Nick Ritchie.
14:45 of 2nd period - Shot Misses the Net.
14:47 of 2nd period - Slapshot by Seth Barton.
14:47 of 2nd period - Deflect By Dylan Samberg.
14:47 of 2nd period - Stopped by Jakub Skarek without a rebound.
14:48 of 2nd period - Dylan McLaughlin wins face-off versus Glenn Gawdin in Toronto St Pats zone.
14:55 of 2nd period - Snap shot by Michael Dal Colle.
14:55 of 2nd period - Shot Misses the Net.
15:40 of 2nd period - Slapshot by Brad Malone.
15:40 of 2nd period - Shot Misses the Net.
15:42 of 2nd period - Wrist shot by Dylan Samberg.
15:42 of 2nd period - Deflect By Rudolfs Balcers.
15:42 of 2nd period - Shot Blocked by Jack Rathbone.
15:42 of 2nd period - Puck is out of play.
15:43 of 2nd period - Quinton Byfield wins face-off versus Keegan Kolesar in Sarnia Sailors zone.
15:44 of 2nd period - Snap shot by Jesse Puljujarvi.
15:44 of 2nd period - Shot Misses the Net.
15:57 of 2nd period - Snap shot by Vasily Podkolzin.
15:57 of 2nd period - Stopped by Jakub Skarek with a rebound.
15:59 of 2nd period - Wrist shot by Alex Vlasic.
15:59 of 2nd period - Shot Blocked by Jesse Puljujarvi.
16:09 of 2nd period - Snap shot by Connor Carrick.
16:09 of 2nd period - Stopped by Jakub Skarek with a rebound.
16:11 of 2nd period - Wrist shot by Dominic Turgeon.
16:11 of 2nd period - Stopped by Jakub Skarek with a rebound.
16:13 of 2nd period - Slapshot by Jack Rathbone.
16:13 of 2nd period - Shot Blocked by Jake Leschyshyn.
16:15 of 2nd period - Slapshot by Alex Vlasic.
16:15 of 2nd period - Deflect By Liam Foudy.
16:15 of 2nd period - Stopped by Jakub Skarek with a rebound.
16:17 of 2nd period - Wrist shot by Aleksi Heponiemi.
16:17 of 2nd period - Stopped by Jakub Skarek with a rebound.
16:45 of 2nd period - David Warsofsky is hit by Pierre-Olivier Joseph and loses puck.
16:53 of 2nd period - Off-side.
16:54 of 2nd period - Quinton Byfield wins face-off versus Keegan Kolesar in neutral zone.
17:05 of 2nd period - Wrist shot by Jesse Puljujarvi.
17:05 of 2nd period - Stopped by Matt Tomkins without a rebound.
17:06 of 2nd period - Keegan Kolesar wins face-off versus Austin Watson in Sarnia Sailors zone.
17:11 of 2nd period - Dylan Samberg is hit by Alex Vlasic and loses puck.
17:18 of 2nd period - Alex Vlasic is hit by Austin Watson and loses puck.
17:33 of 2nd period - Nick Ritchie is hit by Lassi Thomson and loses puck.
17:52 of 2nd period - Slapshot by Ivan Lodnia.
17:52 of 2nd period - Stopped by Matt Tomkins with a rebound.
17:59 of 2nd period - Off-side.
18:00 of 2nd period - Keegan Kolesar wins face-off versus Quinton Byfield in neutral zone.
19:10 of 2nd period - Dylan McLaughlin is hit by Luke Henman and loses puck.
19:35 of 2nd period - Snap shot by Keegan Kolesar.
19:35 of 2nd period - Stopped by Jakub Skarek without a rebound.
19:36 of 2nd period - Keegan Kolesar wins face-off versus Glenn Gawdin in Toronto St Pats zone.
Goals for this period are 0 for Sarnia Sailors vs 3 for Toronto St Pats.
Shots for this period are 9 for Sarnia Sailors vs 13 for Toronto St Pats.
3rd period
0:01 of 3rd period - Quinton Byfield wins face-off versus Dominic Toninato in neutral zone.
0:04 of 3rd period - Alex Vlasic is hit by Quinton Byfield and loses puck.
0:25 of 3rd period - Slapshot by Liam Foudy.
0:25 of 3rd period - Stopped by Matt Tomkins without a rebound.
0:26 of 3rd period - Connor Dewar wins face-off versus Nick Ritchie in Sarnia Sailors zone.
0:31 of 3rd period - Snap shot by Liam Foudy.
0:31 of 3rd period - Stopped by Matt Tomkins with a rebound.
0:33 of 3rd period - Wrist shot by Connor Dewar.
0:33 of 3rd period - Stopped by Matt Tomkins with a rebound.
0:35 of 3rd period - Snap shot by Jake Leschyshyn.
0:35 of 3rd period - Shot Blocked by Michael Dal Colle.
0:37 of 3rd period - Wrist shot by Jake Leschyshyn.
0:37 of 3rd period - Stopped by Matt Tomkins without a rebound.
0:38 of 3rd period - Keegan Kolesar wins face-off versus Quinton Byfield in Sarnia Sailors zone.
0:44 of 3rd period - Minor Penalty to Keegan Kolesar for Hooking.
0:45 of 3rd period - Dominic Toninato wins face-off versus Jesse Puljujarvi in Sarnia Sailors zone.
2:33 of 3rd period - Glenn Gawdin is hit by Aleksi Heponiemi and loses puck.
2:40 of 3rd period - Liam Foudy is hit by Dylan McLaughlin and loses puck.
2:44 of 3rd period - Penalty to Keegan Kolesar is over, Keegan Kolesar is back on ice.
2:51 of 3rd period - Josh Dickinson is hit by Ivan Lodnia and loses puck.
3:18 of 3rd period - Slapshot by Pierre-Olivier Joseph.
3:18 of 3rd period - Shot Misses the Net.
3:26 of 3rd period - Connor Dewar is hit by Vasily Podkolzin and loses puck.
3:52 of 3rd period - Snap shot by Aleksi Heponiemi.
3:52 of 3rd period - Stopped by Jakub Skarek with a rebound.
4:36 of 3rd period - Wrist shot by Aleksi Heponiemi.
4:36 of 3rd period - Shot Blocked by Dylan Samberg.
5:06 of 3rd period - Rudolfs Balcers is hit by Dominic Turgeon and loses puck.
5:40 of 3rd period - Mitchell Vande Sompel is hit by Austin Watson.
6:00 of 3rd period - Connor Dewar is hit by Alex Vlasic and loses puck.
6:13 of 3rd period - Dominic Toninato is hit by Jesse Puljujarvi and loses puck.
6:32 of 3rd period - Nick Ritchie is hit by Ivan Lodnia and loses puck.
6:55 of 3rd period - Pierre-Olivier Joseph is hit by Connor Carrick.
7:32 of 3rd period - Icing by Ivan Lodnia.
7:33 of 3rd period - Josh Dickinson wins face-off versus Luke Henman in Toronto St Pats zone.
7:38 of 3rd period - Snap shot by Yannick Weber.
7:38 of 3rd period - Stopped by Jakub Skarek with a rebound.
7:50 of 3rd period - Snap shot by Lassi Thomson.
7:50 of 3rd period - Shot Misses the Net.
8:26 of 3rd period - Dominic Turgeon is hit by Glenn Gawdin.
8:36 of 3rd period - Wrist shot by Brad Malone.
8:36 of 3rd period - Deflect By Rudolfs Balcers.
8:36 of 3rd period - Stopped by Matt Tomkins without a rebound.
8:37 of 3rd period - Dylan McLaughlin wins face-off versus Quinton Byfield in Sarnia Sailors zone.
9:22 of 3rd period - Jack Rathbone is hit by Rudolfs Balcers.
9:39 of 3rd period - Slapshot by Yannick Weber.
9:39 of 3rd period - Stopped by Jakub Skarek without a rebound.
9:40 of 3rd period - Quinton Byfield wins face-off versus Keegan Kolesar in Toronto St Pats zone.
10:31 of 3rd period - Aleksi Heponiemi is hit by Liam Foudy and loses puck.
10:54 of 3rd period - Yannick Weber is hit by Pierre-Olivier Joseph and loses puck.
11:12 of 3rd period - Dominic Toninato is hit by Scott Perunovich and loses puck.
11:45 of 3rd period - Minor Penalty to Nikita Okhotyuk for Boarding.
11:46 of 3rd period - Keegan Kolesar wins face-off versus Jake Leschyshyn in Toronto St Pats zone.
11:53 of 3rd period - Slapshot by Vasily Podkolzin.
11:53 of 3rd period - Shot Misses the Net.
11:55 of 3rd period - Snap shot by Nick Ritchie.
11:55 of 3rd period - Stopped by Jakub Skarek with a rebound.
11:57 of 3rd period - Wrist shot by Nick Ritchie.
11:57 of 3rd period - Deflect By Keegan Kolesar.
11:57 of 3rd period - Shot Misses the Net.
11:57 of 3rd period - Puck is out of play.
11:58 of 3rd period - Keegan Kolesar wins face-off versus Jake Leschyshyn in Toronto St Pats zone.
12:03 of 3rd period - Snap shot by Keegan Kolesar.
12:03 of 3rd period - Shot Misses the Net.
12:05 of 3rd period - Slapshot by Alex Vlasic.
12:05 of 3rd period - Shot Blocked by Austin Watson.
12:07 of 3rd period - Snap shot by Vasily Podkolzin.
12:07 of 3rd period - Sarnia Sailors goal is going for a video replay.
12:07 of 3rd period - The goal is good.
12:07 of 3rd period - Goal by Vasily Podkolzin - Sarnia Sailors : 3 - Toronto St Pats : 4.
12:08 of 3rd period - Quinton Byfield wins face-off versus Dominic Toninato in neutral zone.
12:47 of 3rd period - Snap shot by Austin Watson.
12:47 of 3rd period - Shot Blocked by Rob Hamilton.
13:04 of 3rd period - Snap shot by Dominic Turgeon.
13:04 of 3rd period - Stopped by Jakub Skarek with a rebound.
13:10 of 3rd period - Snap shot by Connor Carrick.
13:10 of 3rd period - Shot Misses the Net.
13:12 of 3rd period - Slapshot by Rob Hamilton.
13:12 of 3rd period - Stopped by Jakub Skarek with a rebound.
13:14 of 3rd period - Slapshot by Aleksi Heponiemi.
13:14 of 3rd period - Shot Misses the Net.
13:16 of 3rd period - Slapshot by Rob Hamilton.
13:16 of 3rd period - Stopped by Jakub Skarek with a rebound.
13:22 of 3rd period - Snap shot by Aleksi Heponiemi.
13:22 of 3rd period - Goal by Aleksi Heponiemi - Sarnia Sailors : 4 - Toronto St Pats : 4.
13:23 of 3rd period - Glenn Gawdin wins face-off versus Keegan Kolesar in neutral zone.
14:18 of 3rd period - Snap shot by Josh Dickinson.
14:18 of 3rd period - Shot Misses the Net.
14:20 of 3rd period - Snap shot by Yannick Weber.
14:20 of 3rd period - Shot Misses the Net.
14:47 of 3rd period - Slapshot by Lassi Thomson.
14:47 of 3rd period - Stopped by Matt Tomkins with a rebound.
15:03 of 3rd period - Snap shot by Dominic Toninato.
15:03 of 3rd period - Stopped by Jakub Skarek without a rebound.
15:04 of 3rd period - Michael Dal Colle wins face-off versus Quinton Byfield in Toronto St Pats zone.
15:05 of 3rd period - Wrist shot by Nick Ritchie.
15:05 of 3rd period - Stopped by Jakub Skarek without a rebound.
15:06 of 3rd period - Quinton Byfield wins face-off versus Dylan McLaughlin in Toronto St Pats zone.
16:19 of 3rd period - Snap shot by Jesse Puljujarvi.
16:19 of 3rd period - Shot Misses the Net.
16:35 of 3rd period - Glenn Gawdin is hit by Keegan Kolesar.
16:50 of 3rd period - Chris Wideman is hit by Nikita Okhotyuk and loses puck.
16:57 of 3rd period - Wrist shot by Luke Henman.
16:57 of 3rd period - Stopped by Matt Tomkins with a rebound.
17:03 of 3rd period - Josh Dickinson is hit by Luke Henman and loses puck.
17:18 of 3rd period - Wrist shot by Nick Ritchie.
17:18 of 3rd period - Stopped by Jakub Skarek without a rebound.
17:19 of 3rd period - Jake Leschyshyn wins face-off versus Dominic Turgeon in Toronto St Pats zone.
17:30 of 3rd period - Slapshot by Lassi Thomson.
17:30 of 3rd period - Deflect By Aleksi Heponiemi.
17:30 of 3rd period - Stopped by Matt Tomkins with a rebound.
17:48 of 3rd period - Wrist shot by Nick Ritchie.
17:48 of 3rd period - Shot Misses the Net.
17:50 of 3rd period - Wrist shot by Alex Vlasic.
17:50 of 3rd period - Stopped by Jakub Skarek with a rebound.
17:52 of 3rd period - Slapshot by Nick Ritchie.
17:52 of 3rd period - Shot Misses the Net.
17:54 of 3rd period - Snap shot by Connor Carrick.
17:54 of 3rd period - Shot Blocked by Jake Leschyshyn.
17:56 of 3rd period - Snap shot by Nick Ritchie.
17:56 of 3rd period - Shot Misses the Net.
18:04 of 3rd period - Snap shot by Nick Ritchie.
18:04 of 3rd period - Shot Misses the Net.
18:06 of 3rd period - Slapshot by Aleksi Heponiemi.
18:06 of 3rd period - Stopped by Jakub Skarek without a rebound.
18:07 of 3rd period - Quinton Byfield wins face-off versus Keegan Kolesar in Toronto St Pats zone.
Goals for this period are 2 for Sarnia Sailors vs 0 for Toronto St Pats.
Shots for this period are 14 for Sarnia Sailors vs 8 for Toronto St Pats.
Overtime #1
0:01 of 1st overtime period - Keegan Kolesar wins face-off versus Jake Leschyshyn in neutral zone.
0:42 of 1st overtime period - Off-side.
0:43 of 1st overtime period - Glenn Gawdin wins face-off versus Dominic Turgeon in neutral zone.
0:48 of 1st overtime period - Slapshot by Pierre-Olivier Joseph.
0:48 of 1st overtime period - Deflect By Michael Dal Colle.
0:48 of 1st overtime period - Stopped by Matt Tomkins without a rebound.
0:49 of 1st overtime period - Jake Leschyshyn wins face-off versus Keegan Kolesar in Sarnia Sailors zone.
0:56 of 1st overtime period - Backhand shot by Scott Perunovich.
0:56 of 1st overtime period - Stopped by Matt Tomkins with a rebound.
1:28 of 1st overtime period - Slapshot by Dominic Turgeon.
1:28 of 1st overtime period - Shot Blocked by Nikita Okhotyuk.
1:30 of 1st overtime period - Slapshot by Alex Vlasic.
1:30 of 1st overtime period - Shot Blocked by Nikita Okhotyuk.
1:32 of 1st overtime period - Slapshot by Jack Rathbone.
1:32 of 1st overtime period - Stopped by Jakub Skarek with a rebound.
1:34 of 1st overtime period - Slapshot by Alex Vlasic.
1:34 of 1st overtime period - Shot Blocked by Nikita Okhotyuk.
1:36 of 1st overtime period - Wrist shot by Michael Dal Colle.
1:36 of 1st overtime period - Shot Blocked by Lucas Carlsson.
3:34 of 1st overtime period - Ivan Lodnia is hit by Dominic Turgeon and loses puck.
3:51 of 1st overtime period - Lucas Carlsson is hit by Keegan Kolesar and loses puck.
4:59 of 1st overtime period - Michael Dal Colle is hit by Nikita Okhotyuk and loses puck.
Goals for this period are 0 for Sarnia Sailors vs 0 for Toronto St Pats.
Shots for this period are 1 for Sarnia Sailors vs 2 for Toronto St Pats.
ShootOut
5:00 of 1st overtime period - Round #1.
5:00 of 1st overtime period - Sarnia Sailors, Aleksi Heponiemi.
5:00 of 1st overtime period - Deke by Aleksi Heponiemi.
5:00 of 1st overtime period - Shot Misses the Net.
5:00 of 1st overtime period - Toronto St Pats, Quinton Byfield.
5:00 of 1st overtime period - Deke by Quinton Byfield.
5:00 of 1st overtime period - Goal by Quinton Byfield.
5:00 of 1st overtime period - Round #2.
5:00 of 1st overtime period - Sarnia Sailors, Keegan Kolesar.
5:00 of 1st overtime period - Backhand shot by Keegan Kolesar.
5:00 of 1st overtime period - Shot Misses the Net.
5:00 of 1st overtime period - Toronto St Pats, Glenn Gawdin.
5:00 of 1st overtime period - Snap shot by Glenn Gawdin.
5:00 of 1st overtime period - Stopped by Matt Tomkins.
5:00 of 1st overtime period - Round #3.
5:00 of 1st overtime period - Sarnia Sailors, Dominic Toninato.
5:00 of 1st overtime period - Snap shot by Dominic Toninato.
5:00 of 1st overtime period - Goal by Dominic Toninato.
5:00 of 1st overtime period - Toronto St Pats, Liam Foudy.
5:00 of 1st overtime period - Deke by Liam Foudy.
5:00 of 1st overtime period - Shot Misses the Net.
5:00 of 1st overtime period - Round #4.
5:00 of 1st overtime period - Sarnia Sailors, Vasily Podkolzin.
5:00 of 1st overtime period - Backhand shot by Vasily Podkolzin.
5:00 of 1st overtime period - Goal by Vasily Podkolzin.
5:00 of 1st overtime period - Toronto St Pats, Austin Watson.
5:00 of 1st overtime period - Wrist shot by Austin Watson.
5:00 of 1st overtime period - Goal by Austin Watson.
5:00 of 1st overtime period - Round #5.
5:00 of 1st overtime period - Sarnia Sailors, Michael Dal Colle.
5:00 of 1st overtime period - Wrist shot by Michael Dal Colle.
5:00 of 1st overtime period - Goal by Michael Dal Colle.
5:00 of 1st overtime period - Toronto St Pats, Pierre-Olivier Joseph.
5:00 of 1st overtime period - Wrist shot by Pierre-Olivier Joseph.
5:00 of 1st overtime period - Goal by Pierre-Olivier Joseph.
5:00 of 1st overtime period - Round #6.
5:00 of 1st overtime period - Sarnia Sailors, Yannick Weber.
5:00 of 1st overtime period - Deke by Yannick Weber.
5:00 of 1st overtime period - Goal by Yannick Weber.
5:00 of 1st overtime period - Toronto St Pats, Luke Henman.
5:00 of 1st overtime period - Deke by Luke Henman.
5:00 of 1st overtime period - Goal by Luke Henman.
5:00 of 1st overtime period - Round #7.
5:00 of 1st overtime period - Sarnia Sailors, Dylan McLaughlin.
5:00 of 1st overtime period - Backhand shot by Dylan McLaughlin.
5:00 of 1st overtime period - Goal by Dylan McLaughlin.
5:00 of 1st overtime period - Toronto St Pats, Ivan Lodnia.
5:00 of 1st overtime period - Deke by Ivan Lodnia.
5:00 of 1st overtime period - Shot Misses the Net.
Back to the Top